 Dungeon Crawl Stone Soup version 0.16.2-12-gd0ad4c3 (webtiles) character file.

2720 faibistes the Thaumaturge (level 9, -6/52 HPs)
             Began as a Deep Elf Wizard on Dec 19, 2017.
             Mangled by a shadow (25 damage)
             ... on level 6 of the Dungeon.
             The game lasted 00:23:17 (8654 turns).

faibistes the Thaumaturge (Deep Elf Wizard)         Turns: 8654, Time: 00:23:17

Health: -6/52      AC:  4    Str:  4    XL:     9   Next: 39%
Magic:  14/30      EV: 15    Int: 27    God:
Gold:   313        SH:  0    Dex: 13    Spells: 6 memorised, 16 levels left

rFire  . . .     SeeInvis .     h - +1 dagger
rCold  . . .     Clarity  .     a - +0 robe
rNeg   . . .     SustAb   .     (no shield)
rPois  .         Gourm    .     b - +0 hat
rElec  .         Spirit   .     f - +0 cloak
rCorr  .         Warding  .     r - +0 pair of gloves
rMut   .         Stasis   .     (no boots)
MR     .....                    (no amulet)
Stlth  ++........               (no ring)
                                y - ring of flight

@: repel missiles, not resistant to hostile enchantments, unstealthy
A: no striking features
a: Evoke Flight


You were on level 6 of the Dungeon.
You were not hungry.

You visited 1 branch of the dungeon, and saw 7 of its levels.

You collected 313 gold pieces.

Inventory:

Hand weapons
 h - a +1 dagger (weapon)
 K - a +2 halberd of pain
Armour
 a - a +0 robe (worn)
 b - a +0 hat (worn)
 f - a +0 cloak (worn)
 g - the cursed +0 helmet of Fenor {rN+ rCorr, unknown}
   (You found it on level 5 of the Dungeon)

   It protects you from negative energy.
   It protects you from acid and corrosion.
   It has a curse placed upon it.
 r - a +0 pair of gloves (worn)
Jewellery
 y - a ring of flight (left hand)
 E - an uncursed ring of wizardry {unknown}
Magical devices
 u - a wand of polymorph (15)
 B - a wand of frost (23)
 G - a wand of polymorph (5)
 I - a wand of random effects (17)
 L - a wand of draining (4)
Scrolls
 i - a scroll of amnesia {unknown}
 j - 4 scrolls of teleportation
 k - a scroll of blinking
 m - a scroll of fear {unknown}
 p - a scroll of enchant armour {unknown}
 q - 2 scrolls of recharging
 w - a scroll of enchant weapon
 x - a scroll of random uselessness {unknown}
 F - a scroll of identify
Potions
 e - a potion of magic
 l - a potion of restore abilities
 n - a potion of brilliance
 s - 2 potions of curing
 A - a potion of might
 H - a potion of flight {unknown}
Books
 c - a book of Minor Magic

   Spells                             Type                      Level
   a - Magic Dart                     Conjuration                  1
   b - Blink                          Translocation                2
   c - Call Imp                       Summoning                    2
   d - Repel Missiles                 Charms/Air                   2
   e - Slow                           Hexes                        2
   f - Conjure Flame                  Conjuration/Fire             3
   g - Mephitic Cloud                 Conjuration/Poison/Air       3
 o - a Necronomicon {highlevel}

   This book is beyond your current level of understanding.

   Spells                             Type                      Level
   a - Haunt                          Necromancy/Summoning         7
   b - Borgnjor's Revivification      Necromancy                   8
   c - Death's Door                   Charms/Necromancy            8
   d - Necromutation                  Transmutation/Necromancy     8
 D - a book of Control

   Spells                             Type                      Level
   a - Control Teleport               Charms/Translocation         4
   b - Control Undead                 Necromancy                   4
   c - Enslavement                    Hexes                        4
   d - Metabolic Englaciation         Hexes/Ice                    5
   e - Mass Confusion                 Hexes                        6
Comestibles
 d - 7 bread rations
 t - a slice of pizza
 v - a royal jelly
 z - a beef jerky
 C - 2 meat rations
 J - 4 chunks of flesh


   Skills:
 * Level 4.7 Fighting
 + Level 6.6 Dodging
 - Level 2.4 Stealth
 * Level 10.8 Spellcasting
 - Level 3.8 Conjurations
 - Level 1.1 Summonings
 - Level 4.5 Translocations
 + Level 4.7 Evocations


You had 16 spell levels left.
You knew the following spells:

 Your Spells              Type           Power        Failure   Level  Hunger
a - Magic Dart            Conj           ####         1%          1    None
b - Conjure Flame         Conj/Fire      ###.....     6%          3    None
c - Call Imp              Summ           ###.....     4%          2    None
d - Blink                 Tloc           N/A          1%          2    None
e - Mephitic Cloud        Conj/Pois/Air  ###.....     10%         3    None
f - Repel Missiles        Chrm/Air       ##....       8%          2    None


Dungeon Overview and Level Annotations

Branches:
Dungeon (7/15)
 Temple: D:4-7

Altars:
Elyvilon
Nemelex Xobeh
Qazlal
Beogh


Message History

The stinking cloud engulfs the orc priest.
The orc priest is moderately wounded.
The orc priest is engulfed in noxious fumes.
The orc priest is engulfed in noxious fumes.
Casting: Mephitic Cloud
Confirm with . or Enter, or press ? or * to list all spells.
Aiming: Conjure Flame
Press: ? - help, Dir - move target cursor, p - orc priest The fire roars!
The orc priest is engulfed in noxious fumes.
The orc priest appears confused.
The orc priest is engulfed in noxious fumes.
The orc priest appears confused.
The orc priest closely misses something.
The orc priest is engulfed in noxious fumes.
The orc priest appears confused.
The orc priest is engulfed in roaring flames.
You kill the orc priest!
The shadow strikes at you from the darkness!
You die...

############ ##############
#...........
######............####.##########
.........#.###..@...<.....# #
.....[..###.......####.##)# #
.#..##.#.#.#####..# #.##.## #
.>....#### #..####.#.#.## #
.#..### ##.^.....###.##### .#..#
######.#[[....... .####
#.[.#....... .. ###.###.####. .#
#....#...>...


There were no monsters in sight!

Vanquished Creatures
  Pikel (D:4)
  A troll (D:7)
  Grinder (D:4)
  2 phantoms (D:4)
  3 ogres (D:5)
  Sigmund (D:6)
  Duvessa (D:6)
  Blork the orc (D:6)
  A wyvern zombie (D:4)
  A scorpion (D:3)
  3 killer bees (D:7)
  A jelly (D:6)
  Dowan (D:6)
  A crimson imp (D:5)
  A wasp zombie (D:6)
  A giant frog zombie (D:5)
  Crazy Yiuf (D:2)
  2 hounds
  4 orc priests
  3 iguanas
  4 worker ants
  Natasha (twice) (D:6)
  A centaur skeleton (D:4)
  5 orc wizards
  Ijyb (D:6)
  A hound skeleton (D:6)
  A worker ant zombie (D:5)
  7 adders
  A gnoll (D:4)
  A shadow imp (D:5)
  A giant mite (D:2)
  3 worms (D:4)
  26 orcs
  7 goblins
  13 hobgoblins
  3 jackals (D:3)
  An ooze (D:3)
  A quokka (D:3)
  2 ball pythons
  15 bats
  6 giant cockroaches
  5 giant geckos
  A giant gecko skeleton (D:5)
  3 giant newts
  5 kobolds
  13 rats
160 creatures vanquished.

Vanquished Creatures (others)
  A slave (D:4)
  An orc (D:4)
  A bat (D:4)
  A giant spore (D:6)
  A kobold (D:4)
  A ballistomycete (D:6)
6 creatures vanquished.

Grand Total: 166 creatures vanquished

Notes
Turn   | Place    | Note
--------------------------------------------------------------
     0 | D:1      | faibistes, the Deep Elf Wizard, began the quest for the Orb.
     0 | D:1      | Reached XP level 1. HP: 10/10 MP: 6/6
   265 | D:1      | Reached XP level 2. HP: 15/15 MP: 1/10
   275 | D:1      | Learned a level 2 spell: Blink
   278 | D:1      | Learned a level 2 spell: Call Imp
   720 | D:1      | Reached skill level 5 in Spellcasting
   924 | D:2      | Reached XP level 3. HP: 19/19 MP: 7/14
  1012 | D:2      | Learned a level 3 spell: Conjure Flame
  1016 | D:2      | Learned a level 3 spell: Mephitic Cloud
  1571 | D:2      | Noticed Crazy Yiuf
  1633 | D:2      | Killed Crazy Yiuf
  1633 | D:2      | Reached XP level 4. HP: 24/24 MP: 2/17
  1661 | D:2      | Learned a level 2 spell: Repel Missiles
  2195 | D:3      | Reached XP level 5. HP: 25/28 MP: 8/20
  2324 | D:3      | Reached skill level 6 in Spellcasting
  2648 | D:3      | Found a stormy altar of Qazlal.
  3479 | D:4      | Reached XP level 6. HP: 10/32 MP: 13/22
  3750 | D:4      | Noticed Pikel
  3750 | D:4      | Noticed a slave
  3750 | D:4      | Noticed a slave
  3751 | D:4      | Noticed a slave
  3752 | D:4      | Noticed a slave
  3763 | D:4      | Killed Pikel
  3763 | D:4      | Reached skill level 5 in Dodging
  3763 | D:4      | Reached skill level 8 in Spellcasting
  3763 | D:4      | Reached XP level 7. HP: 15/36 MP: 16/26
  3804 | D:4      | Killed a freed slave
  3826 | D:4      | Noticed Grinder
  3836 | D:4      | Killed Grinder
  3836 | D:4      | Reached skill level 1 in Fighting
  3836 | D:4      | Reached skill level 1 in Evocations
  4135 | D:5      | Entered Level 5 of the Dungeon
  4383 | D:4      | Reached XP level 8. HP: 43/43 MP: 19/27
  4468 | D:4      | Noticed a phantom
  4975 | D:4      | Killed a phantom
  4975 | D:4      | Reached skill level 9 in Spellcasting
  5233 | D:4      | Found a roughly hewn altar of Beogh.
  5337 | D:4      | Noticed a phantom
  5354 | D:4      | Killed a phantom
  5813 | D:5      | Found a white marble altar of Elyvilon.
  6219 | D:5      | Found a sparkling altar of Nemelex Xobeh.
  6443 | D:5      | Got a distressingly furry helmet
  6686 | D:5      | Reached skill level 10 in Spellcasting
  7114 | D:7      | Reached XP level 9. HP: 52/52 MP: 21/30
  7137 | D:7      | Noticed a troll
  7264 | D:7      | Killed a troll
  7372 | D:6      | Noticed Natasha
  7387 | D:6      | Killed Natasha
  7520 | D:6      | Noticed Duvessa
  7520 | D:6      | Noticed Dowan
  7539 | D:6      | Killed Duvessa
  7632 | D:6      | Killed Dowan
  8021 | D:6      | Noticed Sigmund
  8036 | D:6      | Killed Sigmund
  8352 | D:6      | Noticed Natasha
  8364 | D:6      | Killed Natasha
  8392 | D:6      | Noticed Blork the orc
  8405 | D:6      | Noticed Ijyb
  8425 | D:6      | Killed Ijyb
  8427 | D:6      | Killed Blork the orc
  8654 | D:6      | Mangled by a shadow

Action                   |  1- 3 |  4- 6 |  7- 9 || total
-------------------------+-------+-------+-------++-------
Melee: Dagger            |       |    24 |    21 ||    45
 Cast: Magic Dart        |    72 |    98 |   306 ||   476
       Mephitic Cloud    |     3 |     7 |    32 ||    42
       Conjure Flame     |     2 |     7 |    18 ||    27
       Blink             |     2 |     8 |     7 ||    17
       Repel Missiles    |       |     1 |     1 ||     2
Evoke: Wand              |       |       |     1 ||     1
  Use: Potion            |       |     2 |     1 ||     3
       Scroll            |       |       |    10 ||    10
 Stab: Confused          |       |     1 |     3 ||     4
  Eat: Chunk             |     2 |     5 |    15 ||    22
       Beef jerky        |       |     1 |       ||     1
